AoeStats
← aren12100

Arena

509659322Analyzed
1v1 RM · 5d ago on Sep 27, 2026· 28m 11s· 2 players
Game mode
Random Map
Map size
Tiny (2 player)
Population
200
Speed
Normal
Resources
Standard
Victory
Conquest
Starting age
Dark Age
Ending age
Imperial Age
RankedLock teamsTeams togetherTeam positionsShared explorationLock speedFull tech treeHidden civsTurbo modeCheats
Victory
Defeat
🇻🇪 Spanish · Venezuela
443
+17
🇯🇵 Spanish · Japan
460
-17
Asesinoenserie
13:38 Feudal Age
16:14 Man-at-Arms
19:53 Castle Age
18:27 Double-Bit Axe
20:39 Loom
aren12100
7:45 Loom
13:48 Feudal Age
14:14 Double-Bit Axe
14:13 Horse Collar
14:27 Stone Mining
15:31 Gold Mining
21:34 Castle Age
19:59 Scale Barding Armor
20:39 Forging
21:01 Bloodlines
21:05 Fletching
22:36 Bow Saw
23:29 Heavy Plow
27:41 Husbandry
Connection lost

Rejoining the realm…

Still unreachable

The connection could not be restored.

Session expired

The server has moved on; the page needs a fresh start.